 Dungeon Crawl Stone Soup version 0.21-a0-405-gf2af9a1 (webtiles) character file.

47 Pazcifier the Ruffian (level 3, -3/27 (30) HPs)
             Began as a Ghoul Gladiator on Nov 1, 2017.
             Slain by Robin
             ... wielding a +0 mace
              (6 damage)
             ... on level 2 of the Dungeon.
             The game lasted 00:13:18 (1858 turns).

Pazcifier the Ruffian (Ghoul Gladiator)             Turns: 1858, Time: 00:13:19

HP:   -3/27 (30)    AC:  5    Str: 18    XL:     3   Next: 70%
MP:   2/2           EV: 12    Int:  3    God:
Gold: 72            SH:  0    Dex: 10    Spells: 2/2 levels left

rFire    . . .     SeeInvis .   e - +0 short sword
rCold    + . .     Gourm    .   (no shield)
rNeg     + + +     Faith    .   p - +1 leather armour {rPois}
rPois    ∞         Spirit   .   b - +0 helmet
rElec    .         Reflect  .   (no cloak)
rCorr    .         Harm     .   (no gloves)
MR       .....                  (no boots)
Stlth    +.........             (no amulet)
HPRegen  0.00/turn              (no ring)
MPRegen  0.08/turn              (no ring)

@: rotting
A: rotting body, claws 1, carnivore 3, cold resistance 1, negative energy
resistance 3, inhibited regeneration, torment resistance, unbreathing
a: no special abilities


You were on level 2 of the Dungeon.
You were not hungry.

You visited 1 branch of the dungeon, and saw 2 of its levels.

You collected 72 gold pieces.

Inventory:

Hand Weapons
 e - a +0 short sword (weapon)
 h - a +0 whip
 j - a +0 club
 k - a +0 club
 o - a +0 club
 q - a +0 dagger
Missiles
 f - 21 bolts (quivered)
 m - 4 tomahawks
Armour
 a - a +0 leather armour
 b - a +0 helmet (worn)
 c - a +2 leather armour of cold resistance
 l - a +0 leather armour
 p - a +1 leather armour of poison resistance (worn)
Potions
 g - a potion of resistance {unknown}
 i - 2 potions of curing {unknown}
Comestibles
 d - a meat ration
 n - a bread ration


   Skills:
 + Level 2.8 Fighting
 + Level 1.3 Short Blades
 + Level 2.1 Throwing
 + Level 0.7 Armour
 - Level 2.9 Dodging
 - Level 3.4 Unarmed Combat


You had 2 spell levels left.
You didn't know any spells.

Dungeon Overview and Level Annotations

Branches:
Dungeon (2/15)

Altars:
Nemelex Xobeh

Annotations:
D:2 Robin


Innate Abilities, Weirdness & Mutations

Your body is rotting away.
You thrive on raw meat.
You are immune to poison.
You have sharp fingernails.
You are carnivorous and can eat meat at any time.
Your flesh is cold resistant. (rC+)
You are immune to negative energy. (rN+++)
You do not regenerate when monsters are visible.
You are immune to unholy pain and torment.
You can survive without breathing.


Message History

Press: ? - help, Shift-Dir - straight line, f/p - Robin
Aim: Robin, wielding a mace, wearing an animal skin and wearing a helmet You toss away a bolt.
The bolt barely misses Robin.
The bolt closely misses the hobgoblin.
The bolt hits the hobgoblin but does no damage.
Robin hits you but does no damage. Robin barely misses you.
A goblin comes into view.
Tossing away (i - inventory. (,) - cycle):
f - 23 bolts (quivered)
Press: ? - help, Shift-Dir - straight line, f/p - Robin
Aim: Robin, wielding a mace, wearing an animal skin and wearing a helmet You toss away a bolt.
The bolt closely misses Robin.
The goblin shouts!
The bolt hits the hobgoblin but does no damage.
Robin hits you but does no damage.
Tossing away (i - inventory. (,) - cycle):
f - 22 bolts (quivered)
Press: ? - help, Shift-Dir - straight line, f/p - Robin
Aim: Robin, wielding a mace, wearing an animal skin and wearing a helmet You toss away a bolt.
The bolt hits Robin but does no damage.
Robin hits you with a mace.
You die...

*,,,,,,,,,,*#......######
********,*###............
*,,...............
***####...........
#........... #..g........
#.....######
*#############.....######
*.......@gg.gg(...((.....
*#.######################
*,* *,,,,,,,,,,,,,,* *,*
*,,,,,,,,,,,,,,* *,*
*,,,,,,,,,,,,,,* *,*
*,,,,,,,,,,,,,,* *,*
*,,,,,,,,,,,,,,* *,*
*,,,,,,,,,,,,,,* *,*
*,,,,,,,,,,,,,,####


You could see Robin, 2 hobgoblins and a goblin.

Vanquished Creatures
  An adder (D:2)
  A worm (D:2)
  2 giant cockroaches
  8 goblins
  5 hobgoblins
  4 jackals (D:2)
  A ball python (D:1)
  3 bats
  3 frilled lizards (D:1)
  A kobold (D:2)
  5 rats
34 creatures vanquished.

Notes
Turn   | Place    | Note
-------+----------+-------------------------------------------
     0 | D:1      | Pazcifier the Ghoul Gladiator began the quest for the Orb.
     0 | D:1      | Reached XP level 1. HP: 17/17 MP: 0/0
   240 | D:1      | Reached XP level 2. HP: 21/25 MP: 1/1
   852 | D:2      | Reached XP level 3. HP: 19/28 MP: 2/2
  1041 | D:2      | Reached skill level 1 in Short Blades
  1390 | D:2      | Found a sparkling altar of Nemelex Xobeh.
  1832 | D:2      | Noticed Robin
  1858 | D:2      | Slain by Robin

Vault maps used:
D:1:      giann_bridges
D:2:      gammafunk_temple_overflow_pools, nemelex_altar_shiori, uniq_robin

Skill      XL: |  1  2  3 |
---------------+----------+-----
Throwing       | 2 |  2.1
Short Blades   | 1 |  1.3
Fighting       | |  2.8
Armour         | |  0.7
Dodging        | |  2.9
Unarmed Combat | |  3.4

Action                   || total
-------------------------++-------
Melee: Short sword       ||   135
       Punch             ||     1
Throw: Throwing net      ||     3
       Tomahawk          ||    11
  Use: Scroll            ||     3
  Eat: Chunk             ||     5
Armor: Leather armour    ||    71
Dodge: Dodged            ||   159

Table legend:
 A = Spawn XP
 B = Non-spawn XP
 C = Spawn XP percentage of total XP
 D = Spawn monster count
 E = Non-spawn monster count
 F = Spawn count percentage of total count
 G = Total turns spent on level
                    A         B        C        D         E        F      G
               +---------+---------+-------+---------+---------+-------+---------
         Total |       0 |      68 |   0.0 |       0 |      34 |   0.0 |  1858
               +---------+---------+-------+---------+---------+-------+---------
           D:1 |       0 |      17 |   0.0 |       0 |      12 |   0.0 |   565
           D:2 |       0 |      51 |   0.0 |       0 |      22 |   0.0 |  1293
               +---------+---------+-------+---------+---------+-------+---------
